 Dungeon Crawl Stone Soup version 0.19.1 (console) character file.

336 Kloppie the Spear-Bearer (level 6, -8/76 HPs)
             Began as a Merfolk Berserker on Dec 4, 2016.
             Was a Priest of Trog.
             Mangled by a wyvern (13 damage)
             ... on level 4 of the Dungeon.
             The game lasted 00:04:16 (3402 turns).

Kloppie the Spear-Bearer (Merfolk Berserker)        Turns: 3402, Time: 00:04:17

Health: -8/76      AC:  7    Str: 22    XL:     6   Next: 54%
Magic:  6/6        EV: 11    Int:  6    God:    Trog [***...]
Gold:   85         SH:  0    Dex: 16    Spells: 0 memorised, 5 levels left

rFire  . . .     SeeInvis .     a - +0 spear
rCold  . . .     Gourm    .     r - +0 scale mail
rNeg   . . .     Faith    .     (no shield)
rPois  .         Spirit   .     (no helmet)
rElec  .         Reflect  .     l - +0 cloak
rCorr  .         Harm     .     (no gloves)
MR     ++...                    (no boots)
Stlth  ..........               (no amulet)
                                (no ring)
                                (no ring)

@: berserking, regenerating, very quick
A: change form in water, swift swim, stealthy swim
a: Berserk, Trog's Hand, Burn Spellbooks, Renounce Religion


You were on level 4 of the Dungeon.
You worshipped Trog.
Trog was most pleased with you.
You were near starving.

You visited 1 branch of the dungeon, and saw 4 of its levels.

You collected 183 gold pieces.
You spent 98 gold pieces at shops.

Inventory:

Hand Weapons
 a - a +0 spear (weapon)
Armour
 l - a +0 cloak (worn)
 r - a +0 scale mail (worn)
Jewellery
 s - an uncursed ring of protection from fire {unknown}
Scrolls
 b - a scroll of immolation {unknown}
 d - a scroll of recharging {unknown}
 j - 3 scrolls of remove curse
 m - 5 scrolls of identify {unknown}
 t - 3 scrolls of enchant weapon {unknown}
 u - a scroll of blinking {unknown}
 v - 2 scrolls of amnesia {unknown}
 x - 2 scrolls of fog {unknown}
 y - a scroll of teleportation {unknown}
Potions
 e - a potion of cure mutation {unknown}
 f - 2 potions of degeneration {unknown}
 g - 2 potions of brilliance {unknown}
 h - a potion of berserk rage {unknown}
 i - a potion of might {unknown}
 n - a potion of heal wounds {unknown}
 o - 2 potions of curing {unknown}
 p - a potion of flight {unknown}
 w - a potion of agility {unknown}
 z - a potion of cancellation {unknown}
Comestibles
 c - 6 bread rations
 k - 3 beef jerkies
 q - 3 meat rations


   Skills:
 + Level 5.1 Fighting
 * Level 8.8 Polearms
 - Level 1.3 Armour
 - Level 2.6 Dodging


You had 5 spell levels left.
You didn't know any spells.

Dungeon Overview and Level Annotations

Branches:
Dungeon (4/15)
 Temple: D:4-7

Altars:
Ashenzari

Shops:
D:4 :*


Message History

The phantom is heavily damaged.
The wyvern barely misses you. The phantom barely misses you.
You hit the phantom but do no damage.
The phantom is heavily damaged.
The wyvern bites you!
* * * LOW HITPOINT WARNING * * *
The phantom hits you.
* * * LOW HITPOINT WARNING * * *
The wyvern bites you.
* * * LOW HITPOINT WARNING * * *
Your skin crawls.
You feel resistant to hostile enchantments.
You feel somewhat more hungry. The wyvern bites you!
* * * LOW HITPOINT WARNING * * *
The wyvern misses you.
A red film seems to cover your vision as you go berserk!
You feel yourself moving faster!
You feel mighty!
You are near starving!
The wyvern bites you!
You die...

#####.#[#####.# ......#.....#.#
...##.#.###.#.#
...##.#.###.#.######.
...>.................
....#.#.#####.###### #####
..>.#.#.# #.# #....
....#.#.#####.###################
............(.Wl@................
....#.#.#####.###################
#.#.#.#.# ##.######## #########
#.#.#.#.####.....[...####........
#.......<........................
###.###.####.........####.....?..
#...........######## #....)...
#####.#..##......# #........
#######.#..##......# #........


You could see a phantom and a wyvern.

Vanquished Creatures
  Eustachio (D:4)
  An iguana (D:4)
  A worker ant (D:4)
  A hound skeleton (D:4)
  3 adders
  A shadow imp (D:3)
  An ooze (D:3)
  3 worms
  2 dart slugs
  3 leopard geckos
  5 orcs
  5 giant cockroaches
  9 goblins
  4 hobgoblins
  5 jackals
  2 quokkas
  A ball python (D:3)
  4 bats
  11 frilled lizards
  8 kobolds
  7 rats
78 creatures vanquished.

Notes
Turn   | Place    | Note
-------+----------+-------------------------------------------
     0 | D:1      | Kloppie the Merfolk Berserker began the quest for the Orb.
     0 | D:1      | Reached XP level 1. HP: 18/18 MP: 1/1
    66 | D:1      | Reached skill level 5 in Polearms
    66 | D:1      | Reached XP level 2. HP: 21/24 MP: 2/2
   107 | D:1      | Found a shattered altar of Ashenzari.
   579 | D:1      | Reached ** piety under Trog
   737 | D:1      | Reached XP level 3. HP: 27/30 MP: 3/3
  1129 | D:2      | Reached skill level 6 in Polearms
  1344 | D:2      | Reached XP level 4. HP: 28/37 MP: 4/4
  1905 | D:3      | Reached *** piety under Trog
  2020 | D:3      | Reached skill level 7 in Polearms
  2020 | D:3      | Reached XP level 5. HP: 39/43 MP: 5/5
  2571 | D:4      | Found Huakon's Assorted Antiques.
  2600 | D:4      | Bought a scroll labeled SICHOO WEOFA for 26 gold pieces
  2600 | D:4      | Bought a scroll labeled OSHROO UHEUROST for 26 gold pieces
  2600 | D:4      | Bought a silvery potion for 23 gold pieces
  2600 | D:4      | Bought a metallic purple potion for 23 gold pieces
  2633 | D:4      | Found Ywecu's Book Shop.
  2966 | D:4      | Noticed Eustachio
  3006 | D:4      | Killed Eustachio
  3006 | D:4      | Reached skill level 5 in Fighting
  3006 | D:4      | Reached skill level 8 in Polearms
  3006 | D:4      | Reached XP level 6. HP: 15/51 MP: 6/6
  3370 | D:4      | Noticed a phantom
  3392 | D:4      | Noticed a wyvern
  3402 | D:4      | Mangled by a wyvern

Skill      XL: |  1  2  3  4  5 |
---------------+----------------+-----
Polearms       | 5 6 7 8 |  8.8
Fighting       | 4 5 |  5.1
Armour         | |  1.3
Dodging        | |  2.6

Action                   |  1- 3 |  4- 6 || total
-------------------------+-------+-------++-------
Melee: Spear             |   146 |   231 ||   377
Invok: Berserk           |     2 |     5 ||     7
       Trog's Hand       |       |     2 ||     2
  Use: Scroll            |       |     3 ||     3
 Stab: Sleeping          |     2 |       ||     2
  Eat: Chunk             |     3 |    11 ||    14
Armor: Animal skin       |    13 |       ||    13
       Scale mail        |       |    68 ||    68
Dodge: Dodged            |    57 |   111 ||   168
